 Dungeon Crawl Stone Soup version 0.19-a0-1493-gd0fcaa6 (webtiles) character file.

161 Leszczynek the Cudgeler (level 5, 0/48 HPs)
             Began as an Ogre Necromancer on Sept 9, 2016.
             Succumbed to a scorpion's poison
             ... on level 4 of the Dungeon.
             The game lasted 00:06:46 (1354 turns).

Leszczynek the Cudgeler (Ogre Necromancer)          Turns: 1354, Time: 00:06:47

Health: 0/48       AC:  4    Str: 19    XL:     5   Next: 42%
Magic:  6/8        EV: 10    Int: 19    God:    Xom [..*...]
Gold:   72         SH:  0    Dex: 10    Spells: 2 memorised, 6 levels left

rFire  . . .     SeeInvis .     a - +0 whip
rCold  . . .     Gourm    .     c - +1 robe
rNeg   . . .     Faith    .     (no shield)
rPois  .         Spirit   .     (helmet restricted)
rElec  .         Dismiss  .     (no cloak)
rCorr  .         Reflect  .     (gloves unavailable)
MR     .....     Harm     .     (boots unavailable)
Stlth  +......... Rnd*Tele +    (no amulet)
                                (no ring)
                                j - ring of teleportation (curse)

@: mighty, brilliant, lethally poisoned (0 -> -10), flying
A: unfitting armour, tough skin 1
a: Renounce Religion


You were on level 4 of the Dungeon.
You worshipped Xom.
You were a toy of Xom.
You were not hungry.

You visited 1 branch of the dungeon, and saw 4 of its levels.

You collected 72 gold pieces.

Inventory:

Hand Weapons
 a - a +0 whip (weapon)
Armour
 c - a +1 robe (worn)
Jewellery
 j - a cursed ring of teleportation (left hand)
Wands
 i - a wand of iceblast (3/15)
Scrolls
 e - a scroll of identify
 f - a scroll of magic mapping
 l - a scroll of blinking {unknown}
 m - a scroll of recharging {unknown}
Potions
 k - a potion of brilliance
Books
 b - a book of Necromancy

   Spells                             Type                      Level
   a - Pain                           Necromancy                   1
   b - Animate Skeleton               Necromancy                   1
   c - Vampiric Draining              Necromancy                   3
   d - Regeneration                   Charms/Necromancy            3
   e - Animate Dead                   Necromancy                   4
   f - Control Undead                 Necromancy                   4
Comestibles
 d - 2 bread rations
 g - a meat ration
 h - 10 chunks of flesh


   Skills:
 - Level 1.5 Fighting
 * Level 6.2 Maces & Flails
 - Level 1.7 Dodging
 - Level 1.5 Stealth
 - Level 2.4 Spellcasting
 - Level 2.9 Necromancy


You had 6 spell levels left.
You knew the following spells:

 Your Spells              Type           Power        Failure   Level  Hunger
a - Pain                  Necr           ####         1%          1    #......
b - Animate Skeleton      Necr           N/A          1%          1    #......


Dungeon Overview and Level Annotations

Branches:
Dungeon (4/15)
 Temple: D:4-7

Altars:
Xom

Annotations:
D:2 Robin


Innate Abilities, Weirdness & Mutations

You are too large for most types of armour.
You have tough skin. (AC +1)


Message History

Unknown command.
* * * LOW HITPOINT WARNING * * *
You feel sick.
Things that are here:
a whip; a scorpion corpse
* * * LOW HITPOINT WARNING * * *
You feel sick.
Things that are here:
a dagger; a ring mail Unknown command.
An adder skeleton comes into view.
* * * LOW HITPOINT WARNING * * *
You feel sick.
An orc comes into view.
You see here an amethyst potion.
It was a potion of flight.
You feel very buoyant.
You fly up into the air.
You die...
Xom cackles wildly!

..................#
###.......##...##.##
......[...##.#......
#...............#.
#.......####.####.
.#####.......####.#
#Z
.................[#
#Z
..######Z...######.#
#. .Z.....@Z)..# #)#
#. #.##.##.......#
#.# #.
...............# #.
####.......##.. #.
......### # #.
##..>..# #. #.#
#..#### #. #.# o..#
#. #.# ##


You could see an orc, an adder skeleton, a friendly giant newt skeleton and a
friendly jackal skeleton.

Vanquished Creatures
  A scorpion (D:4)
  A giant frog skeleton (D:3)
  Jessica (D:2)
  2 adders (D:3)
  An adder skeleton (D:3)
  A worm (D:3)
  2 dart slugs
  A giant gecko (D:3)
  4 orcs (D:4)
  2 goblins
  A hobgoblin (D:2)
  4 jackals (D:4)
  4 kobolds
  2 bats (D:1)
  4 giant newts
  6 rats
37 creatures vanquished.

Vanquished Creatures (collateral kills)
  An orc (D:4)
  A bat (D:2)
  A rat (D:2)
3 creatures vanquished.

Grand Total: 40 creatures vanquished

Notes
Turn   | Place    | Note
-------+----------+-------------------------------------------
     0 | D:1      | Leszczynek the Ogre Necromancer began the quest for the Orb.
     0 | D:1      | Reached XP level 1. HP: 16/16 MP: 3/3
     2 | D:1      | Learned a level 1 spell: Animate Skeleton
    63 | D:1      | Reached skill level 1 in Fighting
    63 | D:1      | Reached skill level 1 in Maces & Flails
   154 | D:2      | Reached XP level 2. HP: 21/27 MP: 5/5
   379 | D:2      | Noticed Robin
   400 | D:3      | Reached skill level 2 in Maces & Flails
   428 | D:3      | Reached XP level 3. HP: 10/33 MP: 0/6
   551 | D:3      | Reached skill level 3 in Maces & Flails
   715 | D:3      | Reached skill level 4 in Maces & Flails
   715 | D:3      | Reached XP level 4. HP: 8/41 MP: 7/7
   884 | D:3      | Found a faded altar of an unknown god.
   909 | D:3      | Became a worshipper of Xom of Bone-Dry Humour
   941 | D:2      | Noticed Jessica
   942 | D:2      | XOM: potion effect (magic)
   975 | D:2      | XOM: harmless Conj miscast
   979 | D:2      | Killed Jessica
   979 | D:2      | Reached skill level 5 in Maces & Flails
  1180 | D:4      | Reached XP level 5. HP: 36/48 MP: 8/8
  1283 | D:4      | XOM: smoke on damage
  1329 | D:4      | XOM: silly message
  1338 | D:4      | XOM: silly message
  1350 | D:4      | Reached skill level 6 in Maces & Flails
  1350 | D:4      | HP: 4/48 [poisoned by a scorpion]
  1352 | D:4      | HP: 1/48 [poisoned by a scorpion]
  1354 | D:4      | Succumbed to a scorpion's poison

Vault maps used:
D:1:      minmay_arrival_up_and_down, ashenzari_altar_1
D:2:      serial_curves, eino_curves_03, eino_curves_01, uniq_robin,
          uniq_jessica
D:3:      ecumenical_altar_2, portal_sewer_entry_d
D:4:      corexii_hall_statues_i, st_stairs_3

Skill      XL: |  1  2  3  4  5 |
---------------+----------------+-----
Fighting       | 1 |  1.5
Maces & Flails | 1 2 4 5 6 |  6.2
Dodging        | |  1.7
Stealth        | |  1.5
Spellcasting   | |  2.4
Necromancy     | |  2.9

Action                   |  1- 3 |  4- 6 || total
-------------------------+-------+-------++-------
Melee: Whip              |    92 |    92 ||   184
 Cast: Pain              |    14 |    14 ||    28
       Animate Skeleton  |       |     6 ||     6
  Use: Scroll            |     4 |       ||     4
       Potion            |     1 |     3 ||     4
  Eat: Chunk             |       |     3 ||     3
Armor: Robe              |    23 |    26 ||    49
       Skin              |    13 |     6 ||    19
Dodge: Dodged            |    43 |    37 ||    80
